 Dungeon Crawl Stone Soup version 0.29-a0-350-g7790a0e70a (webtiles) character file.

Game seed: 4994616774042745369

49 spaghetti the Ogre Mage (level 3, 3/31 HPs)
             Began as an Ogre Air Elementalist on Apr 23, 2022.
             Quit the game on level 2 of the Dungeon.
             The game lasted 00:03:37 (1974 turns).

spaghetti the Ogre Mage (Ogre Air Elementalist)     Turns: 1974, Time: 00:03:37

Health: 3/31       AC:  3    Str: 12    XL:     3   Next: 75%
Magic:  8/8        EV:  9    Int: 18    God:
Gold:   88         SH:  0    Dex:  9    Spells: 3/9 levels left

rFire   . . .      SeeInvis .   m - +0 dagger {short}
rCold   . . .      Faith    .   (no shield)
rNeg    . . .      Spirit   .   a - +0 robe
rPois   .          Reflect  .   (helmet restricted)
rElec   .          Harm     .   (no cloak)
rCorr   .          Rampage  .   (gloves unavailable)
Will    .....                   (boots unavailable)
Stlth   +.........              (no amulet)
HPRegen 0.10/turn               o - +4 ring of slaying
MPRegen 0.11/turn               (no ring)

@: no status effects
A: large, unfitting armour, tough skin 1
a: no special abilities


You were on level 2 of the Dungeon.
You visited 1 branch of the dungeon, and saw 2 of its levels.

You collected 88 gold pieces.


Innate Abilities, Weirdness & Mutations

You are too large for most types of armour.
You have tough skin. (AC +1)


   Skills:
 + Level 0.4 Throwing
 - Level 1.7 Dodging
 - Level 1.4 Stealth
 * Level 3.9 Spellcasting
 - Level 0.8 Conjurations
 + Level 3.1 Air Magic


You had 3 spell levels left.
You knew the following spells:

 Your Spells              Type           Power      Damage    Failure   Level
a - Shock                 Conj/Air       40%        1d5       6%          1
b - Call Imp              Summ           3%         N/A       22%         2
c - Swiftness             Air            14%        N/A       12%         3

Your spell library contained the following spells:

 Spells                   Type           Power      Damage    Failure   Level
 Static Discharge         Conj/Air       10%        N/A       10%         2
 Magic Dart               Conj           24%        1d4       11%         1
 Mephitic Cloud           Conj/Pois/Air  8%         N/A       26%         3
 Airstrike                Air            7%         N/A       38%         4

Inventory:

Hand Weapons
 e - a +0 club {mace}
   (You took it off a goblin on level 1 of the Dungeon)
 h - a +0 whip {mace}
   (You took it off a kobold on level 1 of the Dungeon)
 k - a +0 club {mace}
   (You took it off a kobold on level 1 of the Dungeon)
 m - a +0 dagger (weapon) {short}
   (You took it off a kobold on level 2 of the Dungeon)
Missiles
 n - 39 stones (quivered) {throwing}
Armour
 a - a +0 robe (worn)
Jewellery
 i - a ring of willpower
   (You found it on level 1 of the Dungeon)
 o - a +4 ring of slaying (left hand)
   (You found it on level 2 of the Dungeon)
Scrolls
 c - 4 scrolls of identify {unknown}
 d - 2 scrolls of teleportation {unknown}
 f - 2 scrolls of enchant weapon {unknown}
 j - a scroll of vulnerability {unknown}
 p - 2 scrolls of enchant armour {unknown}
 q - 2 scrolls of noise {unknown}
Potions
 b - a potion of magic
 g - a potion of curing {unknown}
 l - a potion of berserk rage {unknown}
 r - a potion of flight {unknown}
 s - a potion of brilliance {unknown}

Dungeon Overview and Level Annotations

Branches:
Dungeon (2/15)

Altars:

##########
#....l@..#
#.######.# #####
#####.######...#
#..............##
#.###.#####.###.####
#.# #.# #..... #.#
#.###.#### ..#
##...## .## ##.##


You could see an iguana.


Message History

You open the door.
There is an open door here.
Key pressed, stopping explore.
A goblin comes into view. It is wielding a +0 dagger.
You throw a stone {throwing}.
The stone {throwing} hits the goblin but does no damage.
The goblin shouts!
You throw a stone {throwing}. The stone {throwing} hits the goblin.
You kill the goblin!
No target in view!
No target in view!
No target in view!
No target in view!
No target in view!
No target in view!
No target in view!
No target in view!
No target in view!
No target in view!
No target in view!
No target in view!
No target in view!
n - 38 stones {throwing} (gained 1)
You see here a +0 dagger {short}.
n - 39 stones {throwing} (gained 1)
You see here a +0 dagger {short}.
Key pressed, stopping explore.
A bat comes into view.
Memorise Magic Dart, consuming 1 spell level and leaving 2?
Okay, then.
This spell is quite dangerous to cast!
Memorise Mephitic Cloud, consuming 3 spell levels and leaving 0?
You start memorising the spell.
You continue memorising.
The bat hits you but does no damage.
Your memorisation is interrupted.
The bat hits you but does no damage.
You hit the bat.
You kill the bat!
No target in view!
No target in view!
No target in view!
No target in view!
No target in view!
No target in view!
No target in view!
No target in view!
No target in view!
No target in view!
No target in view!
No target in view!
No target in view!
Key pressed, stopping explore.
An endoplasm comes into view.
An endoplasm is nearby!
An endoplasm is nearby!
The helpless endoplasm fails to defend itself.
You hit the endoplasm. The endoplasm closely misses you.
You hit the endoplasm.
You kill the endoplasm!
No target in view!
No target in view!
No target in view!
No target in view!
No target in view!
No target in view!
No target in view!
No target in view!
No target in view!
No target in view!
No target in view!
No target in view!
No target in view!
No target in view!
No target in view!
No target in view!
Key pressed, stopping explore.
Key pressed, stopping explore.
An iguana comes into view.
An iguana is nearby!
An iguana is nearby!
The helpless iguana fails to defend itself.
You puncture the iguana! The iguana bites you! 😕 HP[-7]
You take 7 damage, and now have 24/31 hp.
MASSIVE DAMAGE!! (PAUSE)
You closely miss the iguana. The iguana bites you!
* * * LOW HITPOINT WARNING * * *
😨 HP[-11]
You take 11 damage, and now have 13/31 hp.
MASSIVE DAMAGE!! (PAUSE)
You hit the iguana. The iguana closely misses you.
You hit the iguana but do no damage. The iguana bites you!
* * * LOW HITPOINT WARNING * * *
😱 HP[-10]
You take 10 damage, and now have 3/31 hp.
MASSIVE DAMAGE!! (PAUSE) Unknown command.
Unknown command.
Unknown command.
Unknown command.
Are you sure you want to abandon this character and quit the game? (Confirm with "yes".)

Skill      XL: |  1  2 |
---------------+-------+-----
Spellcasting   | 3 |  3.9
Air Magic      | 3 |  3.1
Throwing       | |  0.4
Dodging        | |  1.7
Stealth        | |  1.4
Conjurations   | |  0.8

Action                   || total
-------------------------++-------
Melee: Unarmed           ||     9
       Dagger            ||    27
Throw: Stone             ||    65
 Cast: Shock             ||    29
 Stab: Sleeping          ||     3
Armor: Robe              ||    17
Dodge: Dodged            ||    27

Levels and vault maps discovered:
D:1:      kilobyte_arrival_exit_the_forest, layout_loops_ring
D:2:      layout_loops_corners, chequers_ecumenical_altar_island,
          grunt_ministairs_4, dk_noncrumbling_3

Notes
Turn   | Place    | Note
-------+----------+-------------------------------------------
     0 | D:1      | spaghetti the Ogre Air Elementalist began the quest for the
                  | Orb.
     0 | D:1      | Reached XP level 1. HP: 16/16 MP: 3/3
     0 | D:1      | magus.rc [v1.9.6]
   327 | D:1      | Reached skill level 3 in Spellcasting
   327 | D:1      | Reached XP level 2. HP: 23/24 MP: 0/6
   540 | D:1      | You pick up a book of Minor Magic and begin reading...
   540 | D:1      | You add the spells Magic Dart, Call Imp and Mephitic Cloud
                  | to your library.
   612 | D:1      | Learned a level 2 spell: Call Imp
  1060 | D:2      | Reached skill level 3 in Air Magic
  1217 | D:2      | Reached XP level 3. HP: 31/31 MP: 8/8
  1221 | D:2      | Learned a level 3 spell: Swiftness
  1266 | D:2      | HP: 7/31 [hobgoblin (2)]
  1973 | D:2      | HP: 3/31 [iguana (10)]
  1974 | D:2      | Quit the game

Vanquished Creatures
  An adder (D:2)
  A dart slug (D:2)
  3 bats
  2 endoplasms
  4 goblins
  7 hobgoblins
  4 jackals (D:2)
  5 kobolds
  A quokka (D:1)
  2 ball pythons
  3 rats
33 creatures vanquished.

Table legend:
 A = Non-vault XP
 B = Vault XP
 C = Vault XP percentage of total XP
 D = Non-vault monster count
 E = Vault monster count
 F = Vault count percentage of total count
                 A         B        C        D         E       F
            +---------+---------+-------+---------+---------+-------
      Total |      67 |       3 |   4.3 |      31 |       2 |   6.1
            +---------+---------+-------+---------+---------+-------
        D:1 |      24 |       0 |   0.0 |      14 |       0 |   0.0
        D:2 |      43 |       3 |   6.5 |      17 |       2 |  10.5
            +---------+---------+-------+---------+---------+-------

Illustrated notes

Table legend:
 A = Kills in this place as a percentage of kills in entire the game.
 B = Kills by you in this place as a percentage of kills by you in the entire game.
 C = Kills by friends in this place as a percentage of kills by friends in the entire game.
 D = Other kills in this place as a percentage of other kills in the entire game.
 E = Experience gained in this place as a percentage of experience gained in the entire game.
 F = Experience gained in this place divided by the number of levels of this place that you have seen.
                   A       B       C       D       E      F
               +-------+-------+-------+-------+-------+----------------------
         Total | 100.0 | 100.0 |   N/A |   N/A | 100.0 |  35.0
       Dungeon | 100.0 | 100.0 |   N/A |   N/A | 100.0 |  35.0
               +-------+-------+-------+-------+-------+----------------------

Table legend: (Time is in decaauts)
 A = Elapsed time spent in this place.
 B = Non-inter-level travel time spent in this place.
 C = Inter-level travel time spent in this place.
 D = Time resting spent in this place.
 E = Time spent auto-exploring this place.
 F = Levels seen in this place.
 G = Mean time per level.
                   A        B        C        D        E       F      G
               +--------+--------+--------+--------+--------+-----+--------+
         Total |   1980 |   1953 |     27 |    245 |   1470 |   2 |  990.0 |
       Dungeon |   1980 |   1953 |     27 |    245 |   1470 |   2 |  990.0 |
               +--------+--------+--------+--------+--------+-----+--------+

Top non-repeatable levels by time:
     D:1: 1051 daAuts
     D:2: 928 daAuts
